 Dungeon Crawl Stone Soup version 0.29.1-12-g30fa7ad0bf (webtiles) character file.

Game seed: 9334121033281246540

7 shoemetal68 the Trooper (level 2, -1/24 HPs)
             Began as a Human Abyssal Knight on Dec 13, 2022.
             Was a Believer of Lugonu.
             Slain by an adder (2 damage)
             ... on level 2 of the Dungeon.
             The game lasted 00:05:43 (299 turns).

shoemetal68 the Trooper (Human Abyssal Knight)       Turns: 299, Time: 00:05:43

Health: -1/24      AC:  3    Str: 13    XL:     2   Next: 5%
Magic:  3/3        EV: 11    Int: 10    God:    Lugonu [**....]
Gold:   45         SH:  0    Dex: 13    Spells: 1/1 levels left

rFire   . . .      SeeInvis +   d - +0 war axe
rCold   . . .      Faith    .   (no shield)
rNeg    . . .      Spirit   .   b - +0 leather armour
rPois   .          Reflect  .   (no helmet)
rElec   .          Harm     .   (no cloak)
rCorr   .          Rampage  .   (no gloves)
Will    .....                   (no boots)
Stlth   +.........              (no amulet)
HPRegen 0.08/turn               c - ring of see invisible
MPRegen 0.08/turn               (no ring)

@: no status effects
A: no striking features
a: Renounce Religion, Depart the Abyss, Bend Space


You were on level 2 of the Dungeon.
You worshipped Lugonu.
Lugonu was pleased with you.
You visited 1 branch of the dungeon, and saw 2 of its levels.
You visited the Abyss 1 time.

You collected 45 gold pieces.

Inventory:

Hand Weapons
 a - a +1 falchion
 d - a +0 war axe (weapon)
Armour
 b - a +0 leather armour (worn)
Jewellery
 c - a ring of see invisible (left hand)


   Skills:
 + Level 3.5 Fighting
 + Level 2.0 Long Blades
 + Level 2.0 Armour
 + Level 1.0 Dodging
 + Level 2.0 Invocations


You had one spell level left.
You didn't know any spells.
Your spell library was empty.

Dungeon Overview and Level Annotations

Branches:
Dungeon (2/15)

Altars:


Message History

The ball python hisses angrily.
The adder completely misses you. The goblin hits you but does no damage.
You barely miss the adder. The adder bites you.
The goblin hits you but does no damage. The ball python closely misses you.
The ball python barely misses you. The adder barely misses you.
You hit the goblin.
The goblin is moderately wounded.
The adder barely misses you. The goblin closely misses you.
The ball python closely misses you. The ball python grabs you.
The ball python constricts you.
You hit the goblin.
You kill the goblin!
Lugonu accepts your kill. The adder closely misses you.
The ball python bites you but does no damage. x2
The ball python constricts you. The adder bites you. The ball python bites you.
The ball python completely misses you. The ball python constricts you.
You have reached level 2!
You closely miss the adder. The adder bites you but does no damage.
The ball python bites you. x2
* * * LOW HITPOINT WARNING * * *
The ball python constricts you. The adder barely misses you.
You hit the adder.
The adder is lightly wounded.
The ball python closely misses you. The ball python bites you.
* * * LOW HITPOINT WARNING * * *
The ball python constricts you. The adder bites you.
* * * LOW HITPOINT WARNING * * *
The ball python bites you but does no damage.
The ball python closely misses you. The ball python constricts you.
* * * LOW HITPOINT WARNING * * *
Nothing quivered!
Adjust to which letter? (? for menu, Esc to quit)
Okay, then.
You escape the ball python's grasp.
The adder attacks as you move away! The adder bites you.
* * * LOW HITPOINT WARNING * * *
d - a +0 war axe (weapon)
The adder bites you.
You die...

. .. ... .... #####
.. .....##...##
....
#.........!###.....
.......@S..........
.......S....##.....
........S)).....###
...$..............
#....##...........
...## ##...#$.####
.#. #...(.## .
..[..## ...####


You could see an adder and 2 ball pythons.

Vanquished Creatures
  An endoplasm (D:1)
  A giant cockroach (D:1)
  A goblin (D:2)
  A quokka (D:1)
  A bat (D:1)
  A kobold (D:2)
6 creatures vanquished.

Notes
Turn   | Place    | Note
-------+----------+-------------------------------------------
     0 | Abyss:1  | shoemetal68 the Human Abyssal Knight began the quest for
                  | the Orb.
     0 | Abyss:1  | Reached XP level 1. HP: 18/18 MP: 2/2
     1 | D:1      | Escaped the Abyss
   296 | D:2      | Reached XP level 2. HP: 10/24 MP: 3/3
   298 | D:2      | HP: 1/24 [adder (2)]
   299 | D:2      | Slain by an adder

Illustrated notes

Levels and vault maps discovered:
D:1:      dpeg_arrival_water_temple_mockup, layout_basic,
          ebering_ecumenical_altar_petrified
D:2:      layout_rooms, basic_altar

Action                   || total
-------------------------++-------
Melee: Falchion          ||    22
Throw: Stone             ||     7
Armor: Leather armour    ||    14
Dodge: Dodged            ||    34
